 Dungeon Crawl Stone Soup version 0.28.0-45-g0d030f2227 (webtiles) character file.

Game seed: 16911706520182463970

319 pkoi the Insei (level 6, -5/48 HPs)
             Began as a Demigod Gladiator on Apr 22, 2022.
             Slain by Menkaure (15 damage)
             ... on level 3 of the Dungeon.
             The game lasted 00:05:04 (4015 turns).

pkoi the Insei (Demigod Gladiator)                  Turns: 4015, Time: 00:05:04

Health: -5/48      AC: 15    Str: 15    XL:     6   Next: 0%
Magic:  8/8        EV:  4    Int: 22    God:
Gold:   148        SH:  5    Dex: 15    Spells: 3/5 levels left

rFire   . . .      SeeInvis .     - Unarmed
rCold   . . .      Faith    .   (no shield)
rNeg    . . .      Spirit   .   p - +2 plate armour "Aqahuura" {Regen+ Int+4}
rPois   .          Reflect  +   b - +0 helmet
rElec   .          Harm     .   (no cloak)
rCorr   .          Rampage  .   (no gloves)
Will    .....                   r - +1 pair of boots
Stlth   ..........              l - amulet of reflection
HPRegen 0.96/turn               (no ring)
MPRegen 0.11/turn               (no ring)

@: no status effects
A: high MP 1, forlorn, divine attributes
a: no special abilities


You were on level 3 of the Dungeon.
You visited 1 branch of the dungeon, and saw 4 of its levels.

You collected 148 gold pieces.

Inventory:

Hand Weapons
 w - a +0 dagger
Missiles
 c - 3 throwing nets
 e - 15 poisoned darts (quivered)
Armour
 a - a +0 leather armour
 b - a +0 helmet (worn)
 k - a +0 ring mail
 p - the +2 plate armour "Aqahuura" (worn) {Regen+ Int+4}
   (You found it on level 2 of the Dungeon)

   Int:       It affects your intelligence (+4).
   Regen:     It increases your rate of health regeneration.
 r - a +1 pair of boots (worn)
Jewellery
 l - an amulet of reflection (around neck)
 s - a ring of see invisible
Scrolls
 v - a scroll of fog
Potions
 d - a potion of flight {unknown}
 f - a potion of heal wounds {unknown}
 j - a potion of cancellation
 o - 2 potions of brilliance
 q - 2 potions of curing


   Skills:
 + Level 2.1 Fighting
 - Level 1.7 Throwing
 + Level 1.0 Armour
 - Level 2.6 Dodging
 * Level 6.1 Unarmed Combat


You had 3 spell levels left.
You knew the following spells:

 Your Spells              Type           Power      Damage    Failure   Level
a - Poisonous Vapours     Pois/Air       0%         N/A       100%        2

Your spell library contained the following spells:

 Spells                   Type           Power      Damage    Failure   Level
 Sting                    Tmut/Pois      0%         1d3       100%        1
 Ensorcelled Hibernation  Hex/Ice        0%         N/A       100%        2
 Conjure Flame            Conj/Fire      0%         6-21      100%        3
 Ignite Poison            Fire/Tmut/Pois 0%         N/A       100%        3
 Spider Form              Tmut/Pois      0%         N/A       100%        3
 Stone Arrow              Conj/Erth      0%         3d7       100%        3
 Anguish                  Hex/Necr       0%         N/A       100%        4
 Animate Armour           Summ/Erth      0%         N/A       100%        4
 Olgreb's Toxic Radiance  Pois           0%         N/A       100%        4
 Sticky Flame             Conj/Fire      0%         2d3       100%        4
 Lehudib's Crystal Spear  Conj/Erth      0%         10d2      100%        8


Dungeon Overview and Level Annotations

Branches:
Dungeon (4/15)
 Temple: D:4-7

Annotations:
D:3 1 runed translucent door, Crazy Yiuf, Menkaure


Innate Abilities, Weirdness & Mutations

You have an increased reservoir of magic. (+10% MP)
You shall have no god before yourself.
Your divine heritage dramatically boosts your attributes as you level up.


Message History

You climb upwards.
Level annotation: 1 runed translucent door, Crazy Yiuf
There is a stone staircase leading down here.
You start resting.
HP restored.
You start waiting.
Done waiting.
You climb downwards.
Level annotation: Menkaure Menkaure points at you and mumbles some strange words.
Pain shoots through your body!
There is a stone staircase leading up here.
Unknown command.
Menkaure gestures wildly while chanting.
Menkaure seems to speed up.
You climb upwards.
Level annotation: 1 runed translucent door, Crazy Yiuf
There is a stone staircase leading down here.
You hit Menkaure.
Menkaure is lightly damaged.
Menkaure calls on the powers of darkness!
Your body is wracked with pain!
* * * LOW HITPOINT WARNING * * *
You hit Menkaure.
Menkaure is moderately damaged.
Menkaure barely misses you.
You hit Menkaure but do no damage.
Menkaure is moderately damaged.
Menkaure points at you and mumbles some strange words.
Pain shoots through your body!
* * * LOW HITPOINT WARNING * * *
You hit Menkaure.
Menkaure is heavily damaged.
Menkaure screams, "Why can't you leave me to my rest?"
Menkaure hits you.
* * * LOW HITPOINT WARNING * * *
You hit Menkaure.
Menkaure is heavily damaged.
Menkaure hits you!
You die...

...♣...♣..## #.........####.#.##.
.♣...♣...♣.###.....#.#...........
♣8♣.♣8♣.♣8♣........#.#.####......
.♣...♣...♣.........#.#.######.##.
...♣...♣..####...<.#.#.##.###.##.
♣.♣8♣.♣8♣........................
...♣...♣.#####.........##.#.#.#..
.♣...♣..#...##.#M.##...##........
♣8♣.♣8♣.#...##.#@.##...##.#.#.##.
.♣...♣.##...........#..##.#.#.##.
......###....#.#..#.#............
####### #.##.#...................
#.........#.##.##........
###.##................#.... ###
#...##.##...#....##...#..#. #..)#
######.##...#.#..........#. +...#
#......##...#.#).##.##.....


You could see Menkaure (fast).

Vanquished Creatures
  A centaur (D:4)
  A scorpion (D:3)
  An orc priest (D:3)
  8 adders
  A dart slug (D:2)
  8 orcs (D:3)
  4 endoplasms
  3 giant cockroaches
  8 goblins
  9 hobgoblins
  2 quokkas
  5 ball pythons
  4 bats
  2 frilled lizards (D:3)
  9 kobolds
  7 rats
73 creatures vanquished.

Notes
Turn   | Place    | Note
-------+----------+-------------------------------------------
     0 | D:1      | pkoi the Demigod Gladiator began the quest for the Orb.
     0 | D:1      | Reached XP level 1. HP: 17/17 MP: 3/3
   196 | D:1      | Reached skill level 3 in Unarmed Combat
   327 | D:1      | Reached XP level 2. HP: 23/24 MP: 4/4
   914 | D:2      | Reached XP level 3. HP: 23/29 MP: 5/5
  1126 | D:2      | Reached skill level 4 in Unarmed Combat
  1191 | D:2      | You fall into a shaft and drop 2 floors!
  1482 | D:2      | Identified the +2 plate armour "Aqahuura" {Regen+ Int+4}
  1844 | D:3      | Reached XP level 4. HP: 36/36 MP: 6/6
  2020 | D:3      | Reached skill level 5 in Unarmed Combat
  2402 | D:3      | Reached XP level 5. HP: 39/41 MP: 7/7
  2653 | D:3      | Identified the +0 mace "Feesao Zodd" {venom, Drain rF+
                  | Dex+7}
  2655 | D:3      | Found a runed translucent door.
  2656 | D:3      | Noticed Crazy Yiuf
  3341 | D:4      | Noticed an ogre
  3370 | D:3      | Learned a level 2 spell: Poisonous Vapours
  3670 | D:4      | Noticed a centaur
  3686 | D:4      | Killed a centaur
  3687 | D:4      | Reached skill level 6 in Unarmed Combat
  3688 | D:4      | Reached skill level 1 in Armour
  3688 | D:4      | Reached XP level 6. HP: 39/48 MP: 8/8
  3852 | D:4      | Noticed Menkaure
  4015 | D:3      | Slain by Menkaure

Illustrated notes

Levels and vault maps discovered:
D:1:      ncdulo_wetmaze, layout_basic, dreamdust_ecumenical_altar_statues
D:2:      layout_rooms, basic_altar
D:3:      layout_basic, kennysheep_doodads, uniq_crazy_yiuf_cottage
D:4:      layout_basic, grunt_qazlal_clouds, lemuel_crystal_altar, uniq_menkaure

Skill      XL: |  1  2  3  4  5 |
---------------+----------------+-----
Unarmed Combat | 3 4 5 6 |  6.1
Fighting       | 2 |  2.1
Armour         | 1 |  1.0
Throwing       | |  1.7
Dodging        | |  2.6

Action                   |  1- 3 |  4- 6 || total
-------------------------+-------+-------++-------
Melee: Unarmed           |   177 |   116 ||   293
       Punch             |     3 |     5 ||     8
  Use: Scroll            |       |    13 ||    13
Armor: Leather armour    |    21 |       ||    21
       Plate armour      |    54 |    74 ||   128
       Ring mail         |     5 |       ||     5
Dodge: Dodged            |    78 |    17 ||    95
Block: Other             |    13 |    21 ||    34
       Reflection        |       |     1 ||     1
